 Dungeon Crawl Stone Soup version 0.25.1-1-g288607f5aa (webtiles) character file.

Game seed: 13620649639549659445

81 Asdor the Skirmisher (level 4, 0/35 HPs)
             Began as a Demonspawn Abyssal Knight on July 23, 2020.
             Was a Follower of Lugonu.
             Slain by an ogre
             ... wielding a +0 giant spiked club
              (13 damage)
             ... on level 1 of the Dungeon.
             The game lasted 00:04:47 (1894 turns).

Asdor the Skirmisher (Demonspawn Abyssal Knight)    Turns: 1894, Time: 00:04:47

Health: 0/35       AC: 12    Str: 12    XL:     4   Next: 20%
Magic:  5/5        EV: 12    Int: 13    God:    Lugonu [*.....]
Gold:   57         SH:  0    Dex: 14    Spells: 3/3 levels left

rFire    . . .     SeeInvis .   a - +1 spear
rCold    . . .     Gourm    .   (no shield)
rNeg     . . .     Faith    .   b - +0 leather armour
rPois    .         Spirit   .   (no helmet)
rElec    .         Reflect  .   (no cloak)
rCorr    .         Harm     .   (no gloves)
MR       .....                  (no boots)
Stlth    +.........             (no amulet)
HPRegen  0.11/turn              (no ring)
MPRegen  0.09/turn              (no ring)

@: sanguine armour
A: sanguine armour 2
a: Depart the Abyss, Renounce Religion


You were on level 1 of the Dungeon.
You worshipped Lugonu.
Lugonu was aware of your devotion.
You were not hungry.

You visited 1 branch of the dungeon, and saw 2 of its levels.
You visited the Abyss 1 time.

You collected 57 gold pieces.

Inventory:

Hand Weapons
 a - a +1 spear (weapon)
Armour
 b - a +0 leather armour (worn)
Scrolls
 f - a scroll of enchant armour {unknown}
 g - a scroll of magic mapping {unknown}
 i - a scroll of identify {unknown}
 l - a scroll of immolation {unknown}
 m - a scroll of enchant weapon {unknown}
Potions
 e - a potion of heal wounds {unknown}
 h - a potion of brilliance {unknown}
 j - a potion of curing {unknown}
 k - a potion of mutation {unknown}
Comestibles
 c - 2 rations
 d - a chunk of flesh


   Skills:
 + Level 3.4 Fighting
 * Level 3.0 Polearms
 + Level 2.3 Armour
 + Level 1.6 Dodging
 - Level 2.4 Invocations


You had 3 spell levels left.
You didn't know any spells.
Your spell library was empty.

Dungeon Overview and Level Annotations

Branches:
Dungeon (2/15)

Altars:


Innate Abilities, Weirdness & Mutations

When seriously injured, your bleeding wounds create thick armour. (AC +9)


Message History

You hit the ogre.
The ogre is moderately wounded.
The ogre hits you with a +0 giant spiked club!
You barely miss the ogre.
The ogre is moderately wounded.
The ogre hits you with a +0 giant spiked club!
* * * LOW HITPOINT WARNING * * *
Your blood congeals into armour.
You are too injured to fight recklessly!
You are too injured to fight recklessly!
You are too injured to fight recklessly!
There is a stone staircase leading up here.
The ogre hits you with a +0 giant spiked club.
* * * LOW HITPOINT WARNING * * *
You climb upwards.
There is a stone staircase leading down here.
The ogre closely misses you. The ogre closely misses you.
The ogre hits you with a +0 giant spiked club!
You die...

.....#........# ..............#
......####..### ##########
......#####...## ##...##...##
...............####..........##
.....(#.###......).......>....#
........# #.##................#
........###...#O.#............#
#...............@##..........##
#................###...##...##
(.)............#.############
...............#..#
...............##.#
...............##.#
...............##.## ######
...........######..# #....#
##################.###....#


You could see an ogre.

Vanquished Creatures
  2 adders (D:2)
  A gnoll (D:1)
  A shadow imp (Abyss:1)
  An ooze (D:1)
  A worm (D:2)
  2 dart slugs (D:1)
  2 leopard geckos (D:1)
  5 giant cockroaches
  A goblin (D:1)
  4 hobgoblins (D:1)
  5 bats (D:1)
  A frilled lizard (D:1)
  5 kobolds
  6 rats
37 creatures vanquished.

Notes
Turn   | Place    | Note
-------+----------+-------------------------------------------
     0 | Abyss:1  | Asdor the Demonspawn Abyssal Knight began the quest for the
                  | Orb.
     0 | Abyss:1  | Reached XP level 1. HP: 18/18 MP: 2/2
    77 | Abyss:1  | Noticed a spatial vortex
    77 | Abyss:1  | Noticed a spatial vortex
   145 | Abyss:1  | Reached skill level 1 in Dodging
   156 | Abyss:1  | Noticed a neqoxec
   157 | D:1      | Escaped the Abyss
   300 | D:1      | Gained mutation: When seriously injured, your bleeding
                  | wounds create armour. (AC +9) [demonic ancestry]
   300 | D:1      | Reached XP level 2. HP: 20/24 MP: 3/3
   523 | D:1      | Reached * piety under Lugonu
   605 | D:1      | Gained mutation: When seriously injured, your bleeding
                  | wounds create thick armour. (AC +9) [demonic ancestry]
   605 | D:1      | Reached XP level 3. HP: 29/29 MP: 4/4
  1511 | D:2      | Reached XP level 4. HP: 32/35 MP: 5/5
  1838 | D:2      | Noticed an ogre
  1894 | D:1      | Slain by an ogre

Illustrated notes

Levels and vault maps discovered:
D:1:      evilmike_arrival_crescent, layout_rooms
D:2:      layout_basic, minmay_stone_trees_small

Skill      XL: |  1  2  3  4 |
---------------+-------------+-----
Polearms       | 2 3 |  3.0
Dodging        | 1 |  1.6
Armour         | 2 |  2.3
Fighting       | |  3.4
Invocations    | |  2.4

Action                   |  1- 3 |  4- 6 || total
-------------------------+-------+-------++-------
Melee: Spear             |   121 |    31 ||   152
Invok: Depart the Abyss  |     1 |       ||     1
  Use: Potion            |     1 |       ||     1
 Stab: Sleeping          |     1 |       ||     1
  Eat: Chunk             |     2 |     1 ||     3
Armor: Leather armour    |    31 |     4 ||    35
Dodge: Dodged            |    68 |    11 ||    79
